 Dungeon Crawl Stone Soup version 0.27.0-65-ge2af304b15 (webtiles) character file.

Game seed: 6627328541063788411

3495 Trollshadow the Cruncher (level 9, 0/70 (71) HPs)
             Began as a Demonspawn Gladiator on Aug 18, 2021.
             Slain by a wight (12 damage)
             ... on level 7 of the Dungeon.
             The game lasted 00:21:50 (7420 turns).

Trollshadow the Cruncher (Demonspawn Gladiator)     Turns: 7420, Time: 00:21:53

HP:   0/70 (71)     AC: 19    Str: 16 (17) XL:     9   Next: 80%
MP:   9/9           EV:  6    Int:  9      God:
Gold: 370           SH:  0    Dex: 16      Spells: 8/8 levels left

rFire    + . .     SeeInvis .   q - +6 flail (vorpal)
rCold    x . .     Faith    .   (no shield)
rNeg     . . .     Spirit   .   s - +0 plate armour
rPois    .         Reflect  .   c - +1 helmet
rElec    .         Harm     .   f - +0 cloak
rCorr    .         Rampage  .   r - +0 pair of gloves
Will     +....                  (boots unavailable)
Stlth    ..........             (no amulet)
HPRegen  0.21/turn              e - ring of fire
MPRegen  0.22/turn              k - ring of willpower

@: lethally poisoned (0 -> -5), slowed, lightly drained, very slow
A: hooves 3, thin metallic scales 1, magic regeneration, demonic magic 1,
deterioration 1, mutation resistance 1
a: no special abilities


You were on level 7 of the Dungeon.
You visited 1 branch of the dungeon, and saw 7 of its levels.

You collected 370 gold pieces.

Inventory:

Hand Weapons
 q - a +6 vorpal flail (weapon)
Missiles
 d - 4 throwing nets (quivered)
Armour
 c - a +1 helmet (worn)
 f - a +0 cloak (worn)
 r - a +0 pair of gloves (worn)
 s - a +0 plate armour (worn)
Magical Staves
 j - a staff of conjuration
Jewellery
 e - a ring of fire (left hand)
 k - a ring of willpower (right hand)
Wands
 b - a wand of paralysis (21)
 l - a wand of flame (48)
Scrolls
 a - 3 scrolls of identify
 m - 3 scrolls of teleportation
Potions
 g - 5 potions of heal wounds
 h - 2 potions of haste
 i - 5 potions of curing
 n - a potion of lignification
 o - a potion of invisibility
 p - 2 potions of cancellation


   Skills:
 + Level 6.8 Fighting
 * Level 5.9(7.8) Maces & Flails
 + Level 8.0(8.9) Staves
 - Level 1.7 Throwing
 + Level 5.9 Armour
 - Level 2.6 Dodging


You had 8 spell levels left.
You didn't know any spells.
Your spell library contained the following spells:

 Spells                   Type           Power      Damage    Failure   Level
 Sandblast                Erth           0%         2d4       100%        1
 Passwall                 Tmut/Erth      0%         N/A       100%        2
 Slow                     Hex            0%         N/A       100%        2
 Confusing Touch          Hex            0%         N/A       100%        3
 Frozen Ramparts          Ice            0%         1d2       100%        3
 Vampiric Draining        Necr           0%         2d6       100%        3
 Ice Form                 Ice/Tmut       0%         N/A       100%        4
 Summon Ice Beast         Ice/Summ       0%         N/A       100%        4
 Lee's Rapid Deconstruct  Erth           0%         3d5*      100%        5


Dungeon Overview and Level Annotations

Branches:
Dungeon (7/15)
 Temple: D:4-7

Altars:


Innate Abilities, Weirdness & Mutations

You have hooves in place of feet.
You are partially covered in thin metallic scales. (AC +2)
You regenerate magic rapidly.
Spells you cast may paralyse adjacent enemies.
Your body sometimes deteriorates upon taking damage.
You are somewhat resistant to further mutation.


Message History

The troll claws you but does no damage. The troll claws you.
* * * LOW HITPOINT WARNING * * *
You hit the troll.
The troll is almost dead.
The hornet stings you but does no damage.
The wight hits you but does no damage. The hornet barely misses you.
The troll completely misses you. The troll claws you but does no damage.
The troll barely misses you.
Your plate armour prevents you from hitting the troll.
You kick the troll.
The troll is almost dead.
The hornet stings you.
* * * LOW HITPOINT WARNING * * *
You feel yourself slow down. The wight hits you but does no damage.
The troll bites you!
* * * LOW HITPOINT WARNING * * *
Your body deteriorates!
You feel weakened. The troll claws you but does no damage.
The troll barely misses you.
You feel much better.
The hornet stings you but does no damage.
A wight comes into view. It is wielding a +0 falchion.
The hornet stings you.
You are poisoned.
You feel as though you will be slow longer.
The wight hits you with a +0 flail.
* * * LOW HITPOINT WARNING * * *
The troll barely misses you. The troll claws you but does no damage.
The troll claws you.
* * * LOW HITPOINT WARNING * * *
The hornet closely misses you. The wight hits you with a +0 flail.
* * * LOW HITPOINT WARNING * * *
You feel drained.
A gnoll shaman comes into view. It is wielding a +0 whip.
You bludgeon the troll!!
You kill the troll!
The troll leather armour is intact enough to wear.
You feel very sick.
The hornet stings you but does no damage.
The wight hits you with a +0 flail!
You die...

#<# #.# ### #. ####.#
#.. ... ..##.#.#.# .#
#.. #.##.#.#.###..##
#..# #.##.#...g.lD..#
###..####.##.# #†#
.#...........# #[# #
.........>#### #@###.#
...#........####zy...###
...#...##.#.............
.#.#.#.##.######..z.####
.#.#.#..#.# #.##.#
.....##.#.######.. ...
.#.............#... ....
.#[####.#.####.#.#......
<..####.#.# #.#######


You could see a hornet, a gnoll shaman and 2 wights.

Vanquished Creatures
  A troll (D:7)
  A wyvern (D:7)
  A steam dragon (D:7)
  Edmund (D:4)
  2 water moccasins
  3 ice beasts
  An orc warrior (D:6)
  A sky beast (D:6)
  4 black bears
  A necrophage (D:5)
  3 centaurs
  2 ogres
  A kobold brigand (D:7)
  A bullfrog (D:6)
  A wyvern zombie (D:6)
  A scorpion (D:6)
  A water moccasin zombie (D:6)
  A water moccasin skeleton (D:6)
  3 wights (D:7)
  3 howler monkeys (D:7)
  2 jellies
  4 orc priests
  2 hounds
  2 bullfrog skeletons
  A centaur skeleton (D:5)
  5 iguanas
  Ijyb (D:3)
  Terence (D:2)
  Natasha (thrice) (D:3)
  6 orc wizards
  A hound skeleton (D:5)
  6 adders
  2 howler monkey skeletons (D:6)
  A shadow imp (D:6)
  2 white imps
  4 worms
  2 dart slugs
  17 orcs
  7 ball pythons
  13 bats
  2 endoplasms (D:2)
  2 giant cockroaches
  7 goblins
  4 hobgoblins
  13 jackals
  4 quokkas
  2 frilled lizards
  14 kobolds
  6 rats
169 creatures vanquished.

Notes
Turn   | Place    | Note
-------+----------+-------------------------------------------
     0 | D:1      | Trollshadow the Demonspawn Gladiator began the quest for
                  | the Orb.
     0 | D:1      | Reached XP level 1. HP: 16/16 MP: 1/1
   120 | D:1      | Reached skill level 3 in Staves
   134 | D:1      | Gained mutation: You are partially covered in thin metallic
                  | scales. (AC +2) [demonic ancestry]
   134 | D:1      | Reached XP level 2. HP: 14/22 MP: 2/2
   930 | D:1      | Reached skill level 1 in Armour
  1390 | D:2      | Gained mutation: You have large cloven feet. [demonic
                  | ancestry]
  1390 | D:2      | Reached XP level 3. HP: 28/28 MP: 3/3
  1708 | D:2      | Reached XP level 4. HP: 30/34 MP: 4/4
  1720 | D:2      | Reached skill level 4 in Staves
  2170 | D:2      | Noticed Terence
  2192 | D:2      | Killed Terence
  2193 | D:2      | Gained mutation: Spells you cast may paralyse adjacent
                  | enemies. [demonic ancestry]
  2193 | D:2      | Reached XP level 5. HP: 34/41 MP: 5/5
  2657 | D:3      | Noticed Natasha
  2684 | D:3      | Killed Natasha
  2712 | D:3      | Noticed Natasha
  2752 | D:3      | Killed Natasha
  2835 | D:3      | Gained mutation: You regenerate magic rapidly. [demonic
                  | ancestry]
  2835 | D:3      | Reached XP level 6. HP: 43/47 MP: 6/6
  2915 | D:3      | Noticed Ijyb
  2922 | D:3      | Paralysed by Ijyb for 4 turns
  2948 | D:3      | Paralysed by Ijyb for 4 turns
  2958 | D:3      | Paralysed by Ijyb for 6 turns
  2964 | D:3      | Killed Ijyb
  2965 | D:3      | Reached skill level 5 in Staves
  3106 | D:3      | Noticed Natasha
  3118 | D:3      | Killed Natasha
  3649 | D:4      | Noticed an ice beast
  3657 | D:4      | Killed an ice beast
  3855 | D:4      | Gained mutation: You have hoof-like feet. [demonic
                  | ancestry]
  3855 | D:4      | Reached XP level 7. HP: 54/54 MP: 7/7
  4110 | D:4      | Gained mutation: Your body sometimes deteriorates upon
                  | taking damage. [potion of mutation]
  4110 | D:4      | Gained mutation: You possess an exceptional clarity of
                  | mind. [potion of mutation]
  4268 | D:4      | Reached skill level 6 in Staves
  4353 | D:4      | Noticed Edmund
  4363 | D:4      | Killed Edmund
  4367 | D:4      | Lost mutation: You possess an exceptional clarity of mind.
                  | [potion of mutation]
  4367 | D:4      | Lost mutation: Your body sometimes deteriorates upon taking
                  | damage. [potion of mutation]
  4367 | D:4      | Gained mutation: Your body sometimes deteriorates upon
                  | taking damage. [potion of mutation]
  4367 | D:4      | Gained mutation: You are somewhat resistant to further
                  | mutation. [potion of mutation]
  4696 | D:5      | Entered Level 5 of the Dungeon
  5010 | D:5      | Gained mutation: You have hooves in place of feet. [demonic
                  | ancestry]
  5010 | D:5      | Reached XP level 8. HP: 61/61 MP: 8/8
  5117 | D:5      | Reached skill level 5 in Fighting
  5260 | D:5      | Reached skill level 1 in Maces & Flails
  5543 | D:6      | Reached skill level 7 in Staves
  5897 | D:6      | Reached skill level 5 in Armour
  5897 | D:6      | Reached XP level 9. HP: 58/69 MP: 9/9
  7222 | D:7      | Reached skill level 5 in Maces & Flails
  7403 | D:7      | Noticed a troll
  7415 | D:7      | Reached skill level 8 in Staves
  7420 | D:7      | Killed a troll
  7420 | D:7      | Slain by a wight

Illustrated notes

Levels and vault maps discovered:
D:1:      dpeg_arrival_circle_labyrinth_c, layout_basic, minivault_24,
          grunt_decor_junction, minmay_small_reverse_x
D:2:      layout_basic, grunt_ministairs_15, st_stairs_5,
          kennysheep_generic_room_9, uniq_terence
D:3:      layout_basic, grunt_ministairs_6, uniq_ijyb, uniq_natasha
D:4:      layout_loops_ring, uniq_edmund
D:5:      layout_basic
D:6:      layout_loops_corners, portal_sewer_entry_e, minmay_circle_x
D:7:      layout_basic, lemuel_round_altar, minmay_temple_entry_grid,
          minmay_ruined_shrine

Skill      XL: |  1  2  3  4  5  6  7  8  9 |
---------------+----------------------------+-----
Staves         | 3 4 5 6 7 8 |  8.0
Armour         | 1 2 3 4 5 |  5.9
Fighting       | 3 4 5 6 |  6.8
Maces & Flails | 3 5 |  5.9
Throwing       | |  1.7
Dodging        | |  2.6

Action                   |  1- 3 |  4- 6 |  7- 9 || total
-------------------------+-------+-------+-------++-------
Melee: Quarterstaff      |   100 |   218 |    30 ||   348
       Kick              |     8 |    52 |    82 ||   142
       Flail             |       |       |   197 ||   197
  Use: Scroll            |     8 |     3 |    10 ||    21
       Potion            |       |     1 |     3 ||     4
Armor: Leather armour    |    44 |    15 |       ||    59
       Scale mail        |       |    95 |    45 ||   140
       Plate armour      |       |       |   103 ||   103
Dodge: Dodged            |    80 |   116 |   116 ||   312
